 Dungeon Crawl Stone Soup version 0.29-a0-418-gc0181ea820 (webtiles) character file.

Game seed: 1856262519118946547

67 kommiami the Magician (level 4, -1/32 HPs)
             Began as a Gnoll Hedge Wizard on May 12, 2022.
             Slain by a gnoll
             ... wielding a +0 flail
              (3 damage)
             ... on level 2 of the Dungeon on May 18, 2022.
             The game lasted 00:32:01 (2464 turns).

kommiami the Magician (Gnoll Hedge Wizard)          Turns: 2464, Time: 00:32:02

Health: -1/32      AC:  6    Str: 10    XL:     4   Next: 18%
Magic:  12/13      EV: 11    Int: 15    God:
Gold:   88         SH:  0    Dex: 11    Spells: 14/17 levels left

rFire   . . .      SeeInvis .   a - +0 dagger
rCold   . . .      Faith    .   (no shield)
rNeg    . . .      Spirit   .   f - +0 ring mail
rPois   .          Reflect  .   c - +0 hat
rElec   .          Harm     .   O - +0 cloak
rCorr   .          Rampage  .   (no gloves)
Will    .....                   (no boots)
Stlth   ++........              (no amulet)
HPRegen 0.10/turn               (no ring)
MPRegen 0.13/turn               (no ring)

@: no status effects
A: fangs 1, strong nose, distributed training
a: no special abilities


You were on level 2 of the Dungeon.
You visited 1 branch of the dungeon, and saw 3 of its levels.

You collected 88 gold pieces.

Inventory:

Hand Weapons
 a - a +0 dagger (weapon)
 e - a +0 dagger
 h - a +0 dagger
 i - a +0 short sword
 m - a +0 club
 n - a +0 short sword
 o - a +0 dagger
 s - a +0 dagger
 t - a +0 club
 u - a +0 dagger
 v - a +0 shortbow
 w - a +0 hand axe
 D - a +0 club
 F - a +0 hand axe
 G - a +0 short sword
 H - a +0 whip
 I - a +0 spear
 J - a +0 short sword
 L - a +0 club
 M - a +0 dagger
Missiles
 j - 29 stones
Armour
 b - a +0 robe
 c - a +0 hat (worn)
 f - a +0 ring mail (worn)
 k - a +0 chain mail
 p - a +0 robe
 x - a +0 robe
 y - a +0 hat
 B - a +0 ring mail
 E - a +0 leather armour
 N - a +0 robe
 O - a +0 cloak (worn)
Jewellery
 C - a ring of flight
Scrolls
 l - a scroll of magic mapping {unknown}
 q - a scroll of noise {unknown}
 A - a scroll of poison {unknown}
 K - a scroll of blinking {unknown}
 P - 3 scrolls of teleportation {unknown}
Potions
 d - a potion of magic
 g - 2 potions of curing {unknown}
 r - a potion of flight {unknown}
 z - a potion of degeneration {unknown}


   Skills:
 + Level 1.0 Fighting
 + Level 1.0 Short Blades
 + Level 1.0 Long Blades
 + Level 1.0 Axes
 + Level 1.0 Maces & Flails
 + Level 1.0 Polearms
 + Level 1.0 Staves
 + Level 1.0 Slings
 + Level 1.0 Bows
 + Level 1.0 Crossbows
 + Level 1.0 Throwing
 + Level 1.0 Armour
 + Level 4.6 Dodging
 + Level 4.2 Stealth
 + Level 1.0 Shields
 + Level 1.0 Unarmed Combat
 + Level 7.2 Spellcasting
 + Level 2.2 Conjurations
 + Level 0.8 Hexes
 + Level 2.2 Summonings
 + Level 0.8 Necromancy
 + Level 2.2 Translocations
 + Level 0.8 Transmutations
 + Level 0.8 Fire Magic
 + Level 0.8 Ice Magic
 + Level 0.8 Air Magic
 + Level 0.8 Earth Magic
 + Level 0.8 Poison Magic
 + Level 1.1 Invocations
 + Level 1.0 Evocations


You had 14 spell levels left.
You knew the following spells:

 Your Spells              Type           Power      Damage    Failure   Level
a - Magic Dart            Conj           48%        1d5       13%         1
b - Blink                 Tloc           24%        N/A       21%         2

Your spell library contained the following spells:

 Spells                   Type           Power      Damage    Failure   Level
 Call Imp                 Summ           12%        N/A       21%         2
 Slow                     Hex            28%        N/A       24%         1
 Call Canine Familiar     Summ           12%        N/A       36%         3
 Conjure Flame            Conj/Fire      9%         6-21      47%         3
 Portal Projectile        Hex/Tloc       18%        N/A       47%         3
 Mephitic Cloud           Conj/Pois/Air  9%         N/A       50%         3
 Ozocubu's Armour         Ice            7%         N/A       56%         3
 Leda's Liquefaction      Hex/Erth       3%         N/A       93%         4
 Metabolic Englaciation   Hex/Ice        3%         N/A       100%        5
 Simulacrum               Ice/Necr       3%         N/A       100%        6


Dungeon Overview and Level Annotations

Branches:
Dungeon (3/15)

Altars:
Zin


Innate Abilities, Weirdness & Mutations

You have very sharp teeth.
Your uncanny sense of smell can sniff out nearby items.
Your experience applies equally to all skills.


Message History

You barely miss the gnoll.
The gnoll is moderately wounded.
The gnoll barely misses you. The gnoll hits you but does no damage.
A gnoll comes into view. It is wielding a +0 whip.
You hit the gnoll but do no damage. You bite the gnoll, but do no damage.
The gnoll is moderately wounded.
The gnoll hits you with a +0 flail. The gnoll hits you with a +0 whip.
You hit the gnoll.
The gnoll is moderately wounded.
The gnoll misses you. The gnoll hits you but does no damage.
You hit the gnoll.
The gnoll is heavily wounded.
The gnoll hits you with a +0 flail! The gnoll hits you with a +0 whip.
You barely miss the gnoll.
The gnoll is heavily wounded.
The gnoll hits you with a +0 flail. The gnoll barely misses you.
You can't go down here!
The gnoll hits you with a +0 flail. The gnoll closely misses you.
You climb upwards.
There is a stone staircase leading down here.
You hit the gnoll.
The gnoll is severely wounded.
The gnoll barely misses you. The gnoll hits you with a +0 whip.
* * * LOW HITPOINT WARNING * * *
Unknown command.
The gnoll attacks as you move away! The gnoll hits you but does no damage.
Casting: Magic Dart (safe; 13% risk of failure)
Confirm with . or Enter, or press ? or * to list all spells.
Aiming: Magic Dart (safe; 13% risk of failure)
Press: ? - help, Shift-Dir - straight line, f - gnoll
Aim: a gnoll, wielding a +0 flail (severely wounded, 100% to hit)
The magic dart hits the gnoll but does no damage.
The gnoll is severely wounded.
The gnoll hits you with a +0 flail.
* * * LOW HITPOINT WARNING * * *
The gnoll completely misses you. The gnoll attacks as you move away!
The gnoll barely misses you. The gnoll attacks as you move away!
The gnoll barely misses you. The gnoll attacks as you move away!
The gnoll hits you with a +0 flail.
You die...

............# #.............#
............# #...#.##.#.####
...........########...#.#..#.####
............ .........#.#.##.#...
............#########.#.#.##...##
......................#.#.##...##
._..........# #######...#.##...#.
............# #.............#...
............####@g...........#.#.
..#..............g..........##.##
.##....................>....##.##
.##.........................##...
....#####..........###########.#.
....# ###........# #.#. ....#
#........# ##.#. ....# #........#
#.... ....# #........# #....


You could see 2 gnolls.

Vanquished Creatures
  2 adders (D:2)
  A dart slug (D:2)
  3 giant cockroaches
  8 hobgoblins
  3 jackals (D:2)
  4 ball pythons
  2 bats (D:1)
  A frilled lizard (D:2)
  8 goblins
  5 kobolds
  7 rats
44 creatures vanquished.

Notes
Turn   | Place    | Note
-------+----------+-------------------------------------------
     0 | D:1      | kommiami the Gnoll Hedge Wizard began the quest for the
                  | Orb.
     0 | D:1      | Reached XP level 1. HP: 13/13 MP: 8/8
   485 | D:1      | Reached XP level 2. HP: 9/19 MP: 10/10
  1089 | D:1      | Reached XP level 3. HP: 4/25 MP: 11/11
  1609 | D:2      | Reached skill level 1 in Invocations
  1943 | D:2      | Reached skill level 1 in Fighting
  1943 | D:2      | Reached skill level 1 in Short Blades
  1943 | D:2      | Reached skill level 1 in Long Blades
  1943 | D:2      | Reached skill level 1 in Axes
  1943 | D:2      | Reached skill level 1 in Maces & Flails
  1943 | D:2      | Reached skill level 1 in Polearms
  1943 | D:2      | Reached skill level 1 in Staves
  1943 | D:2      | Reached skill level 1 in Slings
  1943 | D:2      | Reached skill level 1 in Bows
  1943 | D:2      | Reached skill level 1 in Crossbows
  1943 | D:2      | Reached skill level 1 in Throwing
  1943 | D:2      | Reached skill level 1 in Armour
  1943 | D:2      | Reached skill level 1 in Shields
  1943 | D:2      | Reached skill level 1 in Unarmed Combat
  1943 | D:2      | Reached skill level 1 in Evocations
  2062 | D:2      | Reached XP level 4. HP: 31/32 MP: 10/13
  2253 | D:2      | Found a glowing silver altar of Zin.
  2412 | D:2      | Upgraded the game from 0.29-a0-398-ge13fd1374b to
                  | 0.29-a0-418-gc0181ea820
  2439 | D:2      | Learned a level 2 spell: Blink
  2464 | D:2      | Slain by a gnoll

Illustrated notes

Levels and vault maps discovered:
D:1:      dpeg_arrival_rooms_c, layout_basic, hex_large,
          amcnicky_mini_corridor_feature, nrook_loot_triangle, minmay_tripent
D:2:      layout_basic, basic_altar, minmay_misc_feat_enclosed
D:3:      layout_loops_ring, mainiacjoe_overflow_cross_hatched

Skill      XL: |  1  2  3 |
---------------+----------+-----
Conjurations   | 2 |  2.2
Summonings     | 2 |  2.2
Translocations | 2 |  2.2
Invocations    | 1 |  1.1
Fighting       | 1 |  1.0
Short Blades   | 1 |  1.0
Long Blades    | 1 |  1.0
Axes           | 1 |  1.0
Maces & Flails | 1 |  1.0
Polearms       | 1 |  1.0
Staves         | 1 |  1.0
Slings         | 1 |  1.0
Bows           | 1 |  1.0
Crossbows      | 1 |  1.0
Throwing       | 1 |  1.0
Armour         | 1 |  1.0
Shields        | 1 |  1.0
Unarmed Combat | 1 |  1.0
Evocations     | 1 |  1.0
Dodging        | |  4.6
Stealth        | |  4.2
Spellcasting   | |  7.2
Hexes          | |  0.8
Necromancy     | |  0.8
Transmutations | |  0.8
Fire Magic     | |  0.8
Ice Magic      | |  0.8
Air Magic      | |  0.8
Earth Magic    | |  0.8
Poison Magic   | |  0.8

Action                   |  1- 3 |  4- 6 || total
-------------------------+-------+-------++-------
Melee: Dagger            |   160 |    42 ||   202
       Bite              |    12 |     6 ||    18
       Punch             |     2 |       ||     2
 Cast: Magic Dart        |    15 |     3 ||    18
 Stab: Sleeping          |     2 |       ||     2
Armor: Robe              |     6 |       ||     6
       Ring mail         |    43 |    10 ||    53
Dodge: Dodged            |    95 |    37 ||   132

Table legend: (Time is in decaauts)
 A = Elapsed time spent in this place.
 B = Non-inter-level travel time spent in this place.
 C = Inter-level travel time spent in this place.
 D = Time resting spent in this place.
 E = Time spent auto-exploring this place.
 F = Levels seen in this place.
 G = Mean time per level.
                   A        B        C        D        E       F      G
               +--------+--------+--------+--------+--------+-----+--------+
         Total |   2459 |   2459 |      0 |    781 |      0 |   3 |  819.7 |
       Dungeon |   2459 |   2459 |      0 |    781 |      0 |   3 |  819.7 |
               +--------+--------+--------+--------+--------+-----+--------+

Top non-repeatable levels by time:
     D:1: 1490 daAuts
     D:2: 961 daAuts
     D:3: 7 daAuts
